 BcadrenCrawl: Boulder Brew version 0.06-688-g08e91b2d95 (webtiles) character file.

Game seed: 17547406170936191493

5 Leeroy the Acolyte (level 1, -1/29 HPs) Immature Draconian Priest. Began on Jan 31, 2023. Was an Initiate of the Shining One. Slain by a cinder newt (4 damage) ... on level 1 of the Dungeon. The game lasted 00:01:18 (92 turns).

Leeroy the Acolyte (Immature Draconian Priest)        Turns: 92, Time: 00:01:19

Health: -1/29      AC:  5    Str: 12    XL:     1 ^: 4
Magic:  3/3        EV: 12    Int: 16    God:    the Shining One [0* [16]]
Gold:   0          SH:  0    Dex:  8    Spells: 0/0 levels left

rFire    . . .     Slash    +     - Unarmed
rCold    . . .     Pierce   x     - Unarmed
rNeg     . . .     Bludgeon .   (armour unavailable)
rCorr    . . .     Vision   .   (helmet restricted)
rPois    .         Gourm    .   (no cloak)
rElec    .         Faith    .   (no gloves)
MR       .....     Spirit   .   (no boots)
HPRegen  0.19/turn Reflect  .   (no amulet)
MPRegen  0.13/turn Harm     .   (no ring)
Stlth    +.........             (no ring)

@: short of breath, glowing
A: deformed body 2, cold-blooded, draconic flesh, AC +5
a: Breathe Dart, Renounce Religion


You were on level 1 of the Dungeon.
You worshipped the Shining One.
The Shining One was noncommittal.
You were not hungry.

You visited 1 branch of the dungeon, and saw 1 of its levels.
You also visited: Temple.

Inventory:

Comestibles
 a - a ration
 b - a chunk of flesh


   Skills:
 - Level 1.5 Dodging
 - Level 1.4 Stealth
 - Level 2.6 Unarmed Combat
 + Level 4.3 Invocations


You couldn't memorise any spells.
You didn't know any spells.
Your spell library was empty.

Dungeon Overview and Level Annotations

Branches:
Dungeon (1/8)

Altars:


Innate Abilities, Weirdness & Mutations

Your plain brown scales are resilient. (AC +5)
You can breathe rudimentary magical darts.
You cannot wear any armour on your peculiar form.
You are cold-blooded and are slowed more easily by cold attacks.
Your scales resist being cut, but it's oddly easy to stick a small blade between them. (rSlashing+, rPiercing-)


Message History

Aim: a cinder newt (82%, 82% to-hit, healthy (10/10), 72% (Melee))
You pick up a stone and throw it.
The stone hits the cinder newt (1).
It is struck brutally!
The cinder newt is lightly wounded. (9/10) HP
Aiming: Throw Junk, Range: 2 (50%)
Press: ? - help, Shift-Dir - straight line, f/p - cinder newt
Aim: a cinder newt (82%, 82% to-hit, lightly wounded (9/10), 72% (Melee))
You pick up a skull and throw it.
The skull hits the cinder newt.
The cinder newt is lightly wounded. (9/10) HP You barely miss the cinder newt.
You hit the cinder newt (3).
It is struck brutally!
You tail-slap the cinder newt (3).
The cinder newt is severely wounded. (3/10) HP You hit the cinder newt but do no damage.
You hit the cinder newt (1).
It is struck brutally!
The cinder newt is almost dead. (2/10) HP The cinder newt bites you (1).
You are perforated ruthlessly!
* * * LOW HITPOINT WARNING * * *
The cinder newt burns you (4).
You die...

... #.#.# #.# # ..
#.#... ...# .#
#.#.###.###.#.#.# #.
#......<......#[#..
#.#.###.###.#.#.#.
...#.#........ #
#.#.#.#.#.###.##.#####
#.........#...@)......
###.#.#.####.##l######
#.....# #.# ...
.#.###.####.# ###.#
#.........##.# #
#.#######.##.#
#.#........#.# #
##.#####.#.# #.#รท#


You could see a cinder newt.

Vanquished Creatures
  A bat (D:1)
  A hobgoblin (D:1)
  2 kobolds (D:1)
4 creatures vanquished.

Notes
Turn   | Place    | Note
-------+----------+-------------------------------------------
     0 | Start Te | Leeroy the Immature Draconian Priest began the quest for
                  | the Orb.
     0 | Start Te | Reached XP level 1. HP: 29/29 MP: 3/3
     0 | Start Te | Found a sparkling altar of Nemelex Xobeh.
     1 | Start Te | Found a basalt altar of Yredelemnul.
     1 | Start Te | Found a white marble altar of Elyvilon.
     2 | Start Te | Found an iron altar of Okawaru.
     3 | Start Te | Found a glowing silver altar of Zin.
     3 | Start Te | Found a blossoming altar of Fedhas.
     4 | Start Te | Found a stormy altar of Qazlal.
     5 | Start Te | Found a glowing golden altar of the Shining One.
     5 | Start Te | Found an opulent altar of Gozag.
     6 | Start Te | Found a sacrificial altar of Ru.
     7 | Start Te | Found an ornate altar of Bahamut and Tiamat.
     7 | Start Te | Found a hazy altar of Hepliaklqana.
    17 | Start Te | Became a worshipper of Bahamut & Tiamat
    17 | Start Te | Reached * piety under Bahamut & Tiamat
    17 | Start Te | Reached ** piety under Bahamut & Tiamat
    24 | Start Te | Fell from the grace of Bahamut & Tiamat
    24 | Start Te | Became a worshipper of the Shining One
    29 | Start Te | Fell from the grace of the Shining One
    29 | Start Te | Became a worshipper of Bahamut & Tiamat
    32 | Start Te | Fell from the grace of Bahamut & Tiamat
    32 | Start Te | Became a worshipper of the Shining One
    92 | D:1      | Slain by a cinder newt

Illustrated notes

Levels and vault maps discovered:
D:1:      roderic_chinese_lattice_arrival, layout_basic, first_ration,
          hangedman_decor_clover_reticule, minmay_tromino_v4_a

Action                   || total
-------------------------++-------
Melee: Unarmed           ||    32
       Peck              ||     1
Throw: Stone             ||     1
       Skull             ||     1
 Abil: Breathe Dart      ||     1
Armor: Skin              ||     3
Dodge: Dodged            ||     1
